 Dungeon Crawl Stone Soup version 0.23.1 (webtiles) character file.

Game seed: 0

9483 KamiKatze the Grappler (level 11, -7/95 HPs)
             Began as a Ghoul Monk on Mar 1, 2019.
             Was a Believer of Ru.
             Mangled by Urug
             ... wielding a +1 great mace of crushing
              (17 damage)
             ... on level 10 of the Dungeon.
             The game lasted 00:33:41 (7979 turns).

KamiKatze the Grappler (Ghoul Monk)                 Turns: 7979, Time: 00:33:42

Health: -7/95      AC: 14    Str: 18    XL:     11   Next: 47%
Magic:  12/12      EV: 14    Int:  9    God:    Ru [**....]
Gold:   710        SH:  5    Dex: 11    Spells: 10/10 levels left

rFire    . . .     SeeInvis +     - Unarmed
rCold    + . .     Gourm    .   k - +1 buckler
rNeg     + + +     Faith    .   H - +0 chain mail
rPois    ∞         Spirit   .   F - +2 hat {Int+3}
rElec    .         Reflect  .   m - +0 cloak {MR+}
rCorr    .         Harm     .   (no gloves)
MR       +....                  r - +0 pair of boots
Stlth    ..........             (no amulet)
HPRegen  0.00/turn              y - ring of see invisible
MPRegen  0.13/turn              z - +4 ring of evasion

@: rotting
A: rotting body, claws 1, carnivore, cold resistance 1, negative energy
resistance 3, inhibited regeneration, torment resistance, unbreathing, hated by
all, no poison magic, no translocations magic, no transmutations magic
a: Renounce Religion


You were on level 10 of the Dungeon.
You worshipped Ru.
Ru was pleased with you.
You were not hungry.

You visited 2 branches of the dungeon, and saw 11 of its levels.

You collected 710 gold pieces.

Inventory:

Hand Weapons
 l - a +1 morningstar
Armour
 a - a +0 plate armour
 k - a +1 buckler (worn)
 m - a +0 cloak of magic resistance (worn)
 r - a +0 pair of boots (worn)
 A - a +0 shield
 F - a +2 hat of intelligence (worn)
 H - a +0 chain mail (worn)
Jewellery
 f - an uncursed ring of protection from cold
 t - an uncursed ring of fire
 y - a ring of see invisible (left claw)
 z - a +4 ring of evasion (right claw)
Wands
 j - a wand of flame (12)
 s - a wand of disintegration (9)
 B - a wand of iceblast (8)
 D - a wand of acid (4)
 G - a wand of paralysis (14)
Scrolls
 c - 2 scrolls of magic mapping
 d - 3 scrolls of enchant armour
 e - a scroll of blinking
 h - 2 scrolls of amnesia
 n - 2 scrolls of teleportation
 p - 5 scrolls of remove curse
 u - 2 scrolls of immolation
 E - a scroll of fear
Potions
 g - 3 potions of curing
 i - a potion of flight {unknown}
 o - 2 potions of resistance
 v - 2 potions of brilliance {unknown}
 w - a potion of ambrosia
 x - a potion of cancellation {unknown}
 C - 2 potions of agility {unknown}
Comestibles
 b - 19 rations
 q - 19 chunks of flesh


   Skills:
 + Level 8.9 Fighting
 + Level 6.3 Armour
 + Level 7.4 Dodging
 - Level 2.6 Stealth
 - Level 4.1 Shields
 * Level 11.9 Unarmed Combat
 - Level 3.0 Evocations


You had 10 spell levels left.
You didn't know any spells.
Your spell library contained the following spells:

 Spells                   Type           Power        Failure   Level  Hunger
 Corona                   Hex            #......      99%         1    ##.....
 Ensorcelled Hibernation  Hex/Ice        #.....       100%        2    ###....
 Confuse                  Hex            #.......     100%        3    ####...
 Dazzling Spray           Conj/Hex       #.....       100%        3    ####...
 Tukima's Dance           Hex            #.......     100%        3    ####...


Dungeon Overview and Level Annotations

Branches:
Dungeon (10/15)            Temple (1/1) D:6             Orc (0/2) D:10
   Lair: D:8-11

Altars:
Ashenzari
Cheibriados
Dithmenos
Elyvilon
Fedhas
Gozag
Hepliaklqana
Kikubaaqudgha
Makhleb
Nemelex Xobeh
Okawaru
Qazlal
Ru
Sif Muna
Trog
Uskayaw
Vehumet
Wu Jian
Xom
Yredelemnul
Zin
The Shining One

Annotations:
D:10 Urug


Innate Abilities, Weirdness & Mutations

Your body is rotting away.
You thrive on raw meat.
You are immune to poison.
You have sharp fingernails.
You are carnivorous and can eat meat at any time.
Your flesh is cold resistant. (rC+)
You are immune to negative energy. (rN+++)
You do not regenerate when monsters are visible.
You are immune to unholy pain and torment.
You can survive without breathing.
You are hated by all.
You cannot study or cast Poison magic.
You cannot study or cast Translocations magic.
You cannot study or cast Transmutations magic.


Message History

Urug is heavily wounded.
You block Urug's attack.
You closely miss Urug.
Urug is heavily wounded.
You closely miss Urug.
Urug is heavily wounded.
Urug hits you with a +1 great mace of crushing!!
You are too injured to fight recklessly!
You are too injured to fight recklessly!
You claw Urug!
Urug is severely wounded.
Urug hits you with a +1 great mace of crushing!!
* * * LOW HITPOINT WARNING * * *
x2 You scratch Urug.
Urug is severely wounded.
Unknown command.
Eat one of 20 chunks of flesh? (ye/n/q)
You eat one of the 20 chunks of flesh.
This raw flesh tastes great!
Urug hits you with a +1 great mace of crushing!
You die...

#### ..# #.# ###.######
####........######
#.(..o...........#
#.##.#@####.####.######
#.#.# #...<........
#.#.# ######.######
#.#.# #.# #.#.# #.#
o...# #.# #.### #.# ##
#.#####. #.......


You could see Urug.

Vanquished Creatures
  Gastronok (D:8)
  Harold (D:7)
  2 two-headed ogres
  Pikel (D:4)
  Maurice (D:9)
  A troll (D:9)
  A human (D:7)
  A yak (D:7)
  2 hungry ghosts
  3 hogs (D:7)
  2 wyverns (D:8)
  Sigmund (D:3)
  Menkaure (D:5)
  Duvessa (D:5)
  An orc warrior (D:10)
  2 ice beasts
  3 phantoms
  3 ogres
  4 centaurs
  3 bullfrogs
  A gnoll sergeant (D:4)
  Dowan (D:5)
  5 scorpions
  5 howler monkeys
  A wight (D:3)
  5 crimson imps
  2 bullfrog zombies
  5 hounds
  A jelly (D:7)
  A centaur zombie (D:8)
  3 orc priests
  2 bullfrog skeletons
  10 orc wizards
  An iguana (D:4)
  8 worker ants
  Natasha (thrice) (D:2)
  A hound zombie (D:9)
  3 hound skeletons
  Robin (D:2)
  A worker ant zombie (D:5)
  11 adders
  8 gnolls
  5 adder skeletons
  A worm (D:3)
  7 leopard geckos
  27 orcs
  A ball python (D:3)
  6 giant cockroaches
  12 goblins
  6 hobgoblins
  14 jackals
  5 quokkas
  9 bats
  3 frilled lizards
  12 kobolds
  2 leopard gecko skeletons
  2 quokka skeletons
  9 rats
  A butterfly (D:2)
236 creatures vanquished.

Vanquished Creatures (others)
  A slave (D:4)
  A worm (D:4)
2 creatures vanquished.

Grand Total: 238 creatures vanquished

Notes
Turn   | Place    | Note
-------+----------+-------------------------------------------
     0 | D:1      | KamiKatze the Ghoul Monk began the quest for the Orb.
     0 | D:1      | Reached XP level 1. HP: 19/19 MP: 0/0
   236 | D:1      | Reached XP level 2. HP: 19/26 MP: 1/1
   551 | D:1      | Reached XP level 3. HP: 29/31 MP: 2/2
   888 | D:2      | Noticed Natasha
   894 | D:2      | Killed Natasha
   894 | D:2      | Reached skill level 4 in Unarmed Combat
   909 | D:2      | Reached XP level 4. HP: 31/40 MP: 3/3
   913 | D:2      | Noticed Robin
   918 | D:2      | Killed Robin
   969 | D:2      | Noticed Natasha
   976 | D:2      | Killed Natasha
  1035 | D:2      | Reached XP level 5. HP: 31/46 MP: 4/4
  1239 | D:2      | Reached skill level 5 in Unarmed Combat
  1283 | D:2      | Noticed Natasha
  1299 | D:2      | Killed Natasha
  1682 | D:2      | Found a shimmering altar of Xom.
  1794 | D:3      | Reached skill level 1 in Shields
  1838 | D:3      | Found a basalt altar of Yredelemnul.
  1841 | D:3      | Reached XP level 6. HP: 53/53 MP: 5/5
  1906 | D:3      | Found a glowing golden altar of the Shining One.
  2245 | D:3      | Noticed Sigmund
  2286 | D:3      | Killed Sigmund
  2310 | D:3      | Found an opulent altar of Gozag.
  2469 | D:4      | Reached XP level 7. HP: 46/60 MP: 6/6
  2643 | D:4      | Noticed Pikel
  2682 | D:4      | Killed Pikel
  2682 | D:4      | Reached skill level 5 in Fighting
  2682 | D:4      | Reached skill level 6 in Unarmed Combat
  2682 | D:4      | Reached XP level 8. HP: 23/68 MP: 7/7
  2879 | D:4      | Reached skill level 7 in Unarmed Combat
  3215 | D:5      | Entered Level 5 of the Dungeon
  3268 | D:5      | Found a shadowy altar of Dithmenos.
  3498 | D:5      | Noticed Duvessa
  3498 | D:5      | Noticed Dowan
  3522 | D:5      | Killed Duvessa
  3534 | D:5      | Killed Dowan
  3576 | D:4      | Reached skill level 5 in Dodging
  3608 | D:4      | Reached XP level 9. HP: 48/75 MP: 8/8
  3634 | D:5      | Reached skill level 8 in Unarmed Combat
  4165 | D:5      | Noticed Menkaure
  4170 | D:5      | Killed Menkaure
  4378 | D:6      | Found a staircase to the Ecumenical Temple.
  4383 | Temple   | Entered the Ecumenical Temple
  4539 | Temple   | Became a worshipper of Ru the Awakened
  4559 | D:6      | Gained mutation: You are hated by all. [Ru sacrifice]
  4559 | D:6      | Reached * piety under Ru
  5351 | D:7      | Reached skill level 9 in Unarmed Combat
  5438 | D:7      | Noticed Harold
  5478 | D:7      | Killed Harold
  5478 | D:7      | Reached XP level 10. HP: 12/86 MP: 9/9
  6014 | D:7      | Reached skill level 10 in Unarmed Combat
  6038 | D:7      | Reached skill level 5 in Armour
  6370 | D:8      | Found a burning altar of Makhleb.
  6465 | D:8      | Found a shattered altar of Ashenzari.
  6822 | D:8      | Reached skill level 1 in Evocations
  6832 | D:8      | Gained mutation: You cannot study or cast Poison magic. [Ru
                  | sacrifice]
  6832 | D:8      | Gained mutation: You cannot study or cast Transmutations
                  | magic. [Ru sacrifice]
  6832 | D:8      | Gained mutation: You cannot study or cast Translocations
                  | magic. [Ru sacrifice]
  6832 | D:8      | Reached ** piety under Ru
  6967 | D:8      | Noticed Gastronok
  6990 | D:8      | Killed Gastronok
  6990 | D:8      | Reached skill level 11 in Unarmed Combat
  6990 | D:8      | Reached XP level 11. HP: 53/94 MP: 9/12
  7029 | D:8      | Found a glowing silver altar of Zin.
  7029 | D:8      | Noticed an angel
  7057 | D:9      | Noticed Maurice
  7061 | D:9      | Killed Maurice
  7105 | D:9      | Found a blossoming altar of Fedhas.
  7559 | D:9      | Noticed a two-headed ogre
  7571 | D:9      | Killed a two-headed ogre
  7670 | D:10     | Entered Level 10 of the Dungeon
  7803 | D:10     | Noticed a two-headed ogre
  7811 | D:10     | Killed a two-headed ogre
  7890 | D:10     | Found a staircase to the Orcish Mines.
  7962 | D:10     | Noticed Urug
  7979 | D:10     | Mangled by Urug

Skill      XL: |  1  2  3  4  5  6  7  8  9 10 11 |
---------------+----------------------------------+-----
Dodging        | 3 4 5 6 7 |  7.4
Unarmed Combat | 4 5 6 7 9 11 | 11.9
Fighting       | 4 5 6 7 8 |  8.9
Shields        | 1 3 4 |  4.1
Armour         | 2 3 4 5 6 |  6.3
Evocations     | 3 |  3.0
Stealth        | |  2.6

Action                   |  1- 3 |  4- 6 |  7- 9 | 10-12 || total
-------------------------+-------+-------+-------+-------++-------
Melee: Unarmed           |   102 |   234 |   375 |   284 ||   995
Invok: Sacrifice Love    |       |       |     1 |       ||     1
       Sacrifice Arcana  |       |       |       |     1 ||     1
Evoke: Wand              |       |       |       |     2 ||     2
  Use: Scroll            |       |     5 |    11 |     2 ||    18
       Potion            |       |     1 |       |       ||     1
 Stab: Sleeping          |     5 |       |       |       ||     5
       Distracted        |       |       |       |     2 ||     2
  Eat: Chunk             |     9 |    16 |    34 |    22 ||    81
Armor: Robe              |     7 |       |       |       ||     7
       Ring mail         |    35 |    32 |       |       ||    67
       Scale mail        |       |    44 |    99 |    38 ||   181
       Chain mail        |       |       |       |     3 ||     3
Dodge: Dodged            |    96 |    99 |   178 |   134 ||   507
Block: Buckler           |       |    13 |    84 |    44 ||   141
